AoeStats
← Ю菜刀 —

Fortress

508841925Analyzed
4v4 RM · 7d ago on Sep 24, 2026· 35m 26s· 8 players
Game mode
Random Map
Map size
Huge
Population
200
Speed
Normal
Resources
Standard
Victory
Conquest
Starting age
Dark Age
Ending age
Imperial Age
RankedLock teamsTeams togetherTeam positionsShared explorationLock speedFull tech treeHidden civsTurbo modeCheats
Victory
Defeat
🇳🇱 Varangians · Netherlands
1185
+19
🇳🇱 Danes · Netherlands
1185
+19
🇳🇱 Saxons · Netherlands
1182
+19
🇫🇷 Italians · France
1142
+21
🇷🇺 Bengalis · Russia
1301
-22
🇲🇴 Byzantines · Macao SAR China
1268
-20
🇷🇴 Goths · Romania
1234
-19
🇨🇳 Turks · China
1195
-17
ridder_klip
8:06 Feudal Age
11:55 Castle Age
9:47 Double-Bit Axe
9:49 Horse Collar
10:29 Gold Mining
10:48 Arson
11:06 Scale Mail Armor
12:34 Forging
12:48 Bow Saw
12:42 Heavy Plow
14:41 Loom
16:10 Gold Shaft Mining
17:19 Town Watch
18:29 Wheelbarrow
19:51 Stone Mining
22:19 Masonry
24:32 Hand Cart
29:23 Imperial Age
28:32 Murder Holes
31:09 Chain Mail Armor
30:43 Gambesons
30:59 Squires
31:39 Iron Casting
31:35 Ballistics
31:25 Capped Ram
33:23 Siege Engineers
33:53 Conscription
35:21 Plate Mail Armor
35:52 Blast Furnace
34:22 Hamask
35:25 Elite Jomsviking
melkillcam
6:40 Feudal Age
7:14 Double-Bit Axe
11:04 Horse Collar
11:24 Town Watch
14:03 Castle Age
12:00 Loom
12:18 Fletching
12:37 Stone Mining
12:42 Gold Mining
12:57 Padded Archer Armor
14:39 Bodkin Arrow
15:27 Bow Saw
19:08 Leather Archer Armor
25:51 Wheelbarrow
28:45 Hand Cart
32:05 Imperial Age
29:48 Heavy Plow
30:44 Stone Shaft Mining
30:53 Scale Barding Armor
31:56 Silk Road
32:03 Chain Barding Armor
32:45 Bloodlines
33:11 Conscription
33:10 Hand Cart
32:46 Light Cavalry
33:42 Town Patrol
33:45 Bracer
33:49 Town Patrol
35:10 Plate Barding Armor
35:37 Forging
EindbaasJH
8:08 Feudal Age
9:22 Double-Bit Axe
11:48 Castle Age
10:07 Horse Collar
13:00 Bow Saw
14:42 Wheelbarrow
19:26 Scale Barding Armor
20:13 Forging
22:33 Chain Barding Armor
23:20 Hand Cart
24:58 Iron Casting
25:34 Bloodlines
25:26 Husbandry
30:21 Imperial Age
27:34 Light Cavalry
30:39 Elite Jarl
33:07 Plate Barding Armor
33:33 Blast Furnace
TheFrodo5
7:42 Feudal Age
8:03 Horse Collar
8:09 Double-Bit Axe
10:10 Loom
12:47 Castle Age
12:13 Gold Mining
13:02 Wheelbarrow
12:25 Fletching
12:35 Padded Archer Armor
14:39 Bow Saw
17:11 Gold Shaft Mining
17:10 Bloodlines
17:01 Husbandry
18:58 Thumb Ring
21:29 Bodkin Arrow
22:38 Leather Archer Armor
25:58 Hand Cart
26:20 Heavy Plow
26:31 Forging
27:45 Ballistics
33:26 Imperial Age
33:47 Forging
33:30 Cranequins
33:42 Heavy Mounted Crossbowman
34:28 Bracer
35:18 Ring Archer Armor
35:58 Conscription
Barbaren
0:31 Loom
1:45 Loom
9:48 Feudal Age
11:29 Horse Collar
12:10 Double-Bit Axe
17:42 Castle Age
15:59 Gold Mining
16:31 Stone Mining
16:45 Fletching
17:55 Padded Archer Armor
21:21 Elite Skirmisher
28:59 Bodkin Arrow
30:06 Bow Saw
33:57 Heavy Plow
MCMLXX
8:09 Feudal Age
13:50 Castle Age
11:48 Horse Collar
12:09 Gold Mining
12:22 Loom
14:47 Wheelbarrow
14:02 Double-Bit Axe
15:01 Heavy Plow
16:05 Bow Saw
18:06 Squires
19:10 Scale Mail Armor
20:20 Chain Mail Armor
20:31 Forging
22:38 Iron Casting
23:29 Pikeman
26:33 Stone Mining
30:12 Imperial Age
31:23 Conscription
32:08 Blast Furnace
31:33 Perfusion
33:10 Anarchy
33:19 Elite Huskarl
34:03 Halberdier
Giorgi II
3:00 Loom
6:35 Feudal Age
7:22 Double-Bit Axe
7:35 Horse Collar
7:56 Loom
13:44 Castle Age
11:31 Loom
11:42 Gold Mining
12:39 Fletching
14:43 Heavy Plow
14:55 Bow Saw
15:47 Stone Mining
19:50 Town Watch
21:51 Padded Archer Armor
22:30 Wheelbarrow
25:01 Gold Shaft Mining
24:53 Masonry
28:57 Husbandry
29:08 Bloodlines
29:18 Elite Skirmisher
30:48 Coinage
Ю菜刀 —
7:55 Feudal Age
12:25 Castle Age
10:52 Horse Collar
12:24 Wheelbarrow
11:35 Loom
13:05 Double-Bit Axe
14:38 Heavy Plow
23:59 Hand Cart
24:03 Gold Mining
24:04 Stone Mining
28:39 Imperial Age
25:55 Treadmill Crane
26:37 Ballistics
26:09 Fletching
26:20 Padded Archer Armor
27:21 Gold Shaft Mining
28:23 Bodkin Arrow
28:44 Leather Archer Armor
28:43 Fortified Wall
29:56 Conscription
29:37 Artillery
30:08 Bow Saw
30:36 Bombard Tower
30:49 Ring Archer Armor
30:20 Bracer
31:49 Two-Man Saw
Connection lost

Rejoining the realm…

Still unreachable

The connection could not be restored.

Session expired

The server has moved on; the page needs a fresh start.